 Dungeon Crawl Stone Soup version 0.31-a0-152-g6aa68a64a1 (webtiles) character file.

Game seed: 7804268336130658315

128 qw the Shooter (level 4, -3/40 HPs)
             Began as a Minotaur Hunter on June 10, 2023.
             Constricted to death by Ijyb (4 damage)
             ... on level 3 of the Dungeon.
             The game lasted 00:00:39 (1537 turns).

qw the Shooter (Minotaur Hunter)                    Turns: 1537, Time: 00:00:39

Health: -3/40      AC:  5    Str: 16      XL:     4   Next: 87%
Magic:  3/3        EV:  8    Int:  4 (6)  God:
Gold:   129        SH:  0    Dex: 15      Spells: 3/3 levels left

rFire   + . .        Y - +0 shortbow
rCold   . . .        (shield currently unavailable)
rNeg    . . .        j - +0 ring mail
rPois   .            (helmet restricted)
rElec   .            (no cloak)
rCorr   .            (no gloves)
SInv    .            (no boots)
Will    .....        (no amulet)
Stlth   +            h - ring of protection from fire
HPRegen 0.26/turn    (no ring)
MPRegen 0.08/turn

%: no passive effects
@: about to teleport, grasped by roots, constricted
A: horns 2, retaliatory headbutt, deterioration 1, high MP 1, noise suppression
a: no special abilities


You were on level 3 of the Dungeon.
You visited 1 branch of the dungeon, and saw 3 of its levels.

You collected 129 gold pieces.


Innate Abilities, Weirdness & Mutations

You have a pair of horns on your head.
You reflexively headbutt those who attack you in melee.
Your body sometimes deteriorates upon taking damage.
You have an increased reservoir of magic. (+10% MP)
You passively dampen the noise of your surroundings.


   Skills:
 + Level 3.8 Fighting
 - Level 6.1 Ranged Weapons
 - Level 1.0 Armour
 - Level 2.1 Dodging
 - Level 0.7 Stealth


You had 3 spell levels left.
You didn't know any spells.
Your spell library was empty.

Inventory:

Hand Weapons
 Y - a +0 shortbow (weapon)
Armour
 j - a +0 ring mail (worn)
Jewellery
 h - a ring of protection from fire (left hand)
Wands
 b - a wand of digging (3)
Scrolls
 f - a scroll of teleportation
Potions
 a - a potion of mutation
 c - a potion of brilliance {unknown}
 d - a potion of lignification {unknown}
 e - a potion of invisibility {unknown}
 g - a potion of heal wounds {unknown}
 i - a potion of resistance {unknown}
 k - a potion of might {unknown}

Dungeon Overview and Level Annotations

Branches:
Dungeon (3/15)

Altars:
Fedhas
Uskayaw

Annotations:
D:3 Ijyb


Message History

You shoot an arrow. The arrow hits Ijyb.
Ijyb is lightly wounded.
Ijyb zaps a wand.
The roots erupt in riotous growth!
The grasping roots grab you! The grasping roots constrict you.
You shoot an arrow. The arrow closely misses Ijyb.
The grasping roots constrict you. x2
You shoot an arrow. The arrow closely misses Ijyb.
The grasping roots constrict you.
The grasping roots release their grip on you.
You shoot an arrow. The arrow hits Ijyb but does no damage.
Ijyb is lightly wounded.
You shoot an arrow. The arrow barely misses Ijyb.
You shoot an arrow. The arrow hits Ijyb.
Ijyb is moderately wounded.
Ijyb zaps a wand.
The roots erupt in riotous growth!
The grasping roots grab you!
Ijyb is unaffected.
The grasping roots constrict you.
You shoot an arrow. The arrow closely misses Ijyb.
Ijyb hits you with a +0 dagger. The grasping roots constrict you.
Ijyb hits you with a +0 dagger. The grasping roots constrict you.
You shoot an arrow. The arrow hits Ijyb.
Ijyb is moderately wounded.
Ijyb hits you with a +0 dagger. The grasping roots constrict you.
Your body deteriorates!
You feel dopey.
The grasping roots release their grip on you.
1535 ||| READING 2 scrolls of teleportation.
As you read the scroll of teleportation, it crumbles to dust.
You feel strangely unstable. Ijyb barely misses you.
You shoot an arrow. The arrow hits Ijyb.
Ijyb is heavily wounded.
Ijyb screams, "No!
No, no, no, no!"
Ijyb zaps a wand.
The roots erupt in riotous growth!
The grasping roots grab you!
Ijyb is unaffected.
The grasping roots constrict you.
Your body deteriorates!
You feel dopey.
You shoot an arrow. The arrow barely misses Ijyb.
Ijyb barely misses you. The grasping roots constrict you.
You die...

..........#
#.....<....
...........#
######..###
.%.........#
........###
...........#
#..#####...
..........##
# #+..
..........#
##.
..........#
##
..........#
......g@..#
..........#
.........##
........##
.?.....##
#..#### ##.
#


You could see Ijyb.

Vanquished Creatures
  A scorpion (D:2)
  2 adders (D:2)
  An ufetubus (D:2)
  An orc (D:3)
  3 endoplasms
  4 goblins
  7 hobgoblins
  4 jackals (D:1)
  3 kobolds
  A quokka (D:2)
  2 ball pythons (D:3)
  4 bats
  2 frilled lizards
  8 rats
43 creatures vanquished.

Notes
Turn   | Place    | Note
-------+----------+-------------------------------------------
     0 | D:1      | qw the Minotaur Hunter began the quest for the Orb.
     0 | D:1      | Reached XP level 1. HP: 18/18 MP: 0/0
     0 | D:1      | 0 ||| qw: Version: 0.2-a-122-gbc61b45
     0 | D:1      | 0 ||| qw: Game counter: 3673
     0 | D:1      | 0 ||| qw: Always use a shield: true
     0 | D:1      | 0 ||| qw: God list: Okawaru
     0 | D:1      | 0 ||| qw: Allow faded altars: false
     0 | D:1      | 0 ||| qw: Do Orc after D:15 true
     0 | D:1      | 0 ||| qw: Do second Lair branch before Depths: true
     0 | D:1      | 0 ||| qw: Lair rune preference: random
     0 | D:1      | 0 ||| qw: Plans: Normal
     0 | D:1      | 0 ||| PLANNING D:1-11
   240 | D:1      | Reached XP level 2. HP: 25/25 MP: 1/1
   270 | D:1      | Reached skill level 5 in Ranged Weapons
   471 | D:1      | 471 ||| UPGRADING to +0 ring mail.
   481 | D:1      | 481 ||| DROPPING +0 leather armour.
   482 | D:1      | 482 ||| UPGRADING to ring of protection from fire.
   483 | D:1      | 483 ||| READING 2 scrolls labelled GAMEBEKETU.
   584 | D:1      | 584 ||| READING 3 scrolls labelled GOARHALAOTE.
   589 | D:1      | 589 ||| READING scroll labelled SOSOCE BUTA.
   590 | D:1      | 590 ||| DROPPING scroll of silence.
   591 | D:1      | 591 ||| DROPPING scroll of butterflies.
   683 | D:2      | Reached skill level 1 in Armour
   783 | D:2      | Reached skill level 3 in Fighting
   783 | D:2      | Reached XP level 3. HP: 31/31 MP: 2/2
   869 | D:2      | Noticed a scorpion
   877 | D:2      | Killed a scorpion
   878 | D:2      | Reached skill level 6 in Ranged Weapons
   878 | D:2      | Reached XP level 4. HP: 20/38 MP: 3/3
  1011 | D:2      | 1011 ||| DRINKING 2 sapphire potions.
  1011 | D:2      | Gained mutation: You passively dampen the noise of your
                  | surroundings. [potion of mutation]
  1011 | D:2      | Gained mutation: Your body sometimes deteriorates upon
                  | taking damage. [potion of mutation]
  1011 | D:2      | Gained mutation: You have an increased reservoir of magic.
                  | (+10% MP) [potion of mutation]
  1345 | D:2      | 1345 ||| READING scroll labelled GOIKAV WAASTRO.
  1346 | D:2      | 1346 ||| READING scroll labelled WIURHU BOIXEO.
  1427 | D:3      | Found a blossoming altar of Fedhas.
  1429 | D:3      | Found a hide-covered altar of Uskayaw.
  1526 | D:3      | Noticed Ijyb
  1534 | D:3      | HP: 10/40 [Ijyb/+0 dagger (3)]
  1535 | D:3      | 1535 ||| READING 2 scrolls of teleportation.
  1536 | D:3      | HP: 1/40 [constriction (5)]
  1537 | D:3      | Constricted to death by Ijyb

Levels and vault maps discovered:
D:1:      psy_arrival_fountain, layout_rooms, minmay_door_square
D:2:      layout_basic, minmay_hexomino_p4
D:3:      layout_basic, mainiacjoe_overflow_catwalk_spiral,
          nicolae_overflow_quartered_altars, uniq_ijyb

Skill      XL: |  1  2  3 |
---------------+----------+-----
Ranged Weapons | 5 6 |  6.1
Armour         | 1 |  1.0
Fighting       | 3 |  3.8
Dodging        | |  2.1
Stealth        | |  0.7

Action                     |  1- 3 |  4- 6 || total
---------------------------+-------+-------++-------
   Fire: Shortbow          |    94 |    49 ||   143
    Use: Scroll            |     3 |     3 ||     6
         Potion            |       |     1 ||     1
 Armour: Leather armour    |     9 |       ||     9
         Ring mail         |     5 |     1 ||     6
  Dodge: Dodged            |    27 |     7 ||    34

Table legend:
 A = Non-vault XP
 B = Vault XP
 C = Vault XP percentage of total XP
 D = Non-vault monster count
 E = Vault monster count
 F = Vault count percentage of total count
                 A         B        C        D         E       F
            +---------+---------+-------+---------+---------+-------
      Total |     164 |      20 |  10.9 |      39 |       4 |   9.3
            +---------+---------+-------+---------+---------+-------
        D:1 |      24 |       0 |   0.0 |      15 |       0 |   0.0
        D:2 |     130 |      20 |  13.3 |      19 |       4 |  17.4
        D:3 |      10 |       0 |   0.0 |       5 |       0 |   0.0
            +---------+---------+-------+---------+---------+-------
